 Dungeon Crawl Stone Soup version 0.27.1-34-g3ba077fa99 (webtiles) character file.

Game seed: 10102495206733025598

3164 ticklebelly the Cleaver (level 9, -5/126 HPs)
             Began as a Minotaur Berserker on Jan 1, 2022.
             Was an Elder of Trog.
             Slain by a brown ugly thing (14 damage)
             ... on level 7 of the Dungeon.
             The game lasted 00:29:21 (7991 turns).

ticklebelly the Cleaver (Minotaur Berserker)        Turns: 7991, Time: 00:29:21

Health: -5/126     AC:  0    Str: 24    XL:     9   Next: 63%
Magic:  8/8        EV: 10    Int:  4    God:    Trog [****..]
Gold:   460        SH:  0    Dex: 11    Spells: 8/8 levels left

rFire    . . .     SeeInvis .   l - +0 war axe
rCold    . . .     Faith    .   (no shield)
rNeg     . . .     Spirit   .   q - +0 chain mail
rPois    .         Reflect  .   g - +2 hat
rElec    .         Harm     .   (no cloak)
rCorr    .         Rampage  .   y - +0 pair of gloves
Will     +++..                  b - +1 pair of boots
Stlth    ..........             f - amulet of the acrobat
HPRegen  1.31/turn              u - ring of willpower
MPRegen  0.11/turn              (no ring)

@: berserking, strong-willed, corroded, regenerating, very quick
A: horns 2, retaliatory headbutt
a: Renounce Religion, Berserk, Trog's Hand, Brothers in Arms


You were on level 7 of the Dungeon.
You worshipped Trog.
Trog was greatly pleased with you.
You visited 1 branch of the dungeon, and saw 8 of its levels.

You collected 460 gold pieces.

Inventory:

Hand Weapons
 l - a +0 war axe (weapon)
 z - a +1 mace of protection
Missiles
 o - 4 boomerangs (quivered)
Armour
 b - a +1 pair of boots (worn)
 g - a +2 hat (worn)
 q - a +0 chain mail (worn)
 y - a +0 pair of gloves (worn)
Jewellery
 f - an amulet of the acrobat (around neck)
 u - a ring of willpower (left hand)
Wands
 v - a wand of digging (2)
Scrolls
 a - 5 scrolls of teleportation {unknown}
 d - a scroll of holy word {unknown}
 h - 4 scrolls of fear {unknown}
 k - 5 scrolls of identify {unknown}
 m - a scroll of enchant armour {unknown}
 p - a scroll of vulnerability {unknown}
 r - 2 scrolls of noise {unknown}
 s - a scroll of blinking {unknown}
 x - a scroll of magic mapping {unknown}
Potions
 c - 2 potions of degeneration {unknown}
 e - 5 potions of flight {unknown}
 i - a potion of berserk rage {unknown}
 j - 2 potions of cancellation {unknown}
 n - a potion of invisibility {unknown}
 t - 2 potions of heal wounds {unknown}
 w - a potion of attraction {unknown}


   Skills:
 + Level 9.6 Fighting
 + Level 9.6 Axes
 + Level 7.5 Armour
 + Level 7.0 Dodging


You had 8 spell levels left.
You didn't know any spells.
Your spell library was empty.

Dungeon Overview and Level Annotations

Branches:
Dungeon (8/15)             Temple (0/1) D:7
   Lair: D:8-11

Altars:
Elyvilon
Sif Muna
Zin

Shops:
D:1 *[*=


Innate Abilities, Weirdness & Mutations

You have a pair of horns on your head.
You reflexively headbutt those who attack you in melee.


Message History

Trog accepts your kill.
You barely miss the brown ugly thing.
The brown ugly thing punches you but does no damage.
You slash the brown ugly thing!
The brown ugly thing is moderately wounded.
The brown ugly thing punches you. The acid corrodes you!
You are splashed with acid!
You hit the brown ugly thing but do no damage.
The brown ugly thing is moderately wounded.
The brown ugly thing closely misses you.
The brown ugly thing punches you! The acid corrodes you!
You are splashed with acid!
You climb upwards.
There is a stone staircase leading down, spattered with blood here.
You barely miss the brown ugly thing.
The brown ugly thing is moderately wounded.
The brown ugly thing barely misses you.
You closely miss the brown ugly thing.
Your headbutt misses the brown ugly thing.
The brown ugly thing is moderately wounded.
The brown ugly thing punches you. The acid corrodes you!
You are splashed with acid!
Your skin crawls.
You feel strong-willed. The brown ugly thing punches you!
You are splashed with acid.
* * * LOW HITPOINT WARNING * * *
A red film seems to cover your vision as you go berserk!
You feel yourself moving faster!
You feel mighty! The brown ugly thing punches you!
* * * LOW HITPOINT WARNING * * *
The acid corrodes you!
You are splashed with acid!
* * * LOW HITPOINT WARNING * * *
You slash the brown ugly thing!
Your headbutt misses the brown ugly thing.
The brown ugly thing is heavily wounded.
You hit the brown ugly thing but do no damage.
You headbutt the brown ugly thing, but do no damage.
The brown ugly thing is heavily wounded.
The brown ugly thing punches you!
You die...

####### ####### #.....#
......# #.###.###########
o.....# #.# #...........#
......###.# ###########.#
......+.#.# #....# #.#
#.....#.#.######.##.# #.#
......#.#.#<....u)#.# #.#
...........[....@.#.# #.#
##....#........[.[#.# #.#
.............######'###'#####
...........#.##.............#
...........#.##.............#
...........#..+.............#
...........####.............#
...........####.............#
...........'.##.............#


You could see a brown ugly thing.

Vanquished Creatures
  A meliai (D:7)
  A slime creature (D:8)
  A wraith (D:5)
  A wyvern (D:7)
  Menkaure (D:7)
  2 ice beasts
  A black bear (D:5)
  An ogre (D:6)
  2 orc warriors
  A centaur (D:6)
  2 phantoms (D:5)
  2 kobold brigands (D:6)
  A bullfrog (D:4)
  2 scorpions
  A gnoll sergeant (D:5)
  2 wyvern skeletons (D:7)
  A water moccasin skeleton (D:5)
  3 howler monkeys
  A hound (D:5)
  3 orc priests
  A centaur skeleton (D:6)
  7 jellies
  4 iguanas
  7 orc wizards
  2 killer bee zombies
  A hound zombie (D:5)
  A howler monkey zombie (D:5)
  3 gnolls (D:5)
  3 adders
  A howler monkey skeleton (D:5)
  5 white imps
  2 worms (D:4)
  2 dart slugs
  18 orcs
  4 ball pythons
  21 endoplasms
  3 giant cockroaches
  7 goblins
  3 hobgoblins
  A quokka (D:4)
  10 bats
  2 frilled lizards (D:1)
  10 kobolds
  6 rats
154 creatures vanquished.

Vanquished Creatures (others)
  A bullfrog zombie (D:6)
  6 fungi (D:7)
7 creatures vanquished.

Grand Total: 161 creatures vanquished

Notes
Turn   | Place    | Note
-------+----------+-------------------------------------------
     0 | D:1      | ticklebelly the Minotaur Berserker began the quest for the
                  | Orb.
     0 | D:1      | Reached XP level 1. HP: 19/19 MP: 0/0
    90 | D:1      | Found Zumim's Antique Armour Shop.
   125 | D:1      | Found Gioggekh's Assorted Antiques.
   164 | D:1      | Reached XP level 2. HP: 24/27 MP: 1/1
   429 | D:1      | Found Nofet's Jewellery Shop.
   448 | D:1      | Reached ** piety under Trog
   970 | D:1      | Found Irin's General Store.
   995 | D:1      | Reached XP level 3. HP: 33/33 MP: 2/2
  1373 | D:2      | Found a faded altar of an unknown god.
  1823 | D:3      | Found a glowing silver altar of Zin.
  2056 | D:3      | Reached XP level 4. HP: 30/41 MP: 3/3
  2712 | D:4      | Reached XP level 5. HP: 47/47 MP: 4/4
  2886 | D:4      | Reached skill level 5 in Fighting
  2886 | D:4      | Reached skill level 5 in Axes
  2940 | D:4      | Reached XP level 6. HP: 50/56 MP: 5/5
  3273 | D:4      | Found a shimmering blue altar of Sif Muna.
  3278 | D:5      | Entered Level 5 of the Dungeon
  3440 | D:5      | Noticed a wraith
  3448 | D:5      | Reached XP level 7. HP: 58/62 MP: 6/6
  3458 | D:5      | Killed a wraith
  3459 | D:5      | Reached skill level 5 in Armour
  3554 | D:5      | Reached skill level 5 in Dodging
  3839 | D:5      | Reached XP level 8. HP: 71/71 MP: 7/7
  4014 | D:5      | Reached *** piety under Trog
  5935 | D:7      | Found a staircase to the Ecumenical Temple.
  6285 | D:7      | Reached XP level 9. HP: 57/81 MP: 8/8
  6447 | D:7      | Noticed Menkaure
  6455 | D:7      | Killed Menkaure
  6605 | D:7      | Reached **** piety under Trog
  7309 | D:7      | Found a white marble altar of Elyvilon.
  7564 | D:8      | Noticed a meliai
  7567 | D:8      | Noticed a cyclops
  7571 | D:8      | Noticed a brown ugly thing
  7581 | D:7      | Killed a meliai
  7991 | D:7      | Slain by a brown ugly thing

Illustrated notes

Levels and vault maps discovered:
D:1:      dpeg_arrival_windows_large_door, layout_basic, serial_shops, shop,
          shop, nicolae_shop_waterfront, shop, minmay_heptomino_o4
D:2:      layout_basic, hellmonk_ecumenical_altar_arch_garden,
          minmay_misc_feat_more_columns, due_unseen_surprise
D:3:      layout_loops_ring, mainiacjoe_overflow_surrounded_room,
          chequers_mini_garden, dk_vineyard_3
D:4:      layout_rooms, nicolae_sif_muna_little_library
D:5:      layout_basic
D:6:      layout_basic
D:7:      lemuel_slime, layout_basic, mainiacjoe_overflow_alcove_1,
          minmay_temple_entry_mini_moons, uniq_menkaure
D:8:      minmay_the_grid_octo_triangle [minmay_the_grid_octo_pinwheel,
          minmay_the_grid_octo_prize_ultimate_mussel_roller,
          minmay_the_grid_octo_teeth], layout_basic, tso_oasis_becter,
          nicolae_qazlal_scattered_showers,
          mainiacjoe_overflow_concentric_impassable, lair_entry_dummy,
          ploomutoo_gammafunk_ghost_potion_laboratory, serial_shops,
          nicolae_shop_behind_doors, serial_undead, serial_undead_d,
          serial_undead_a, serial_undead_b, serial_undead_e, minivault_12

Skill      XL: |  1  2  3  4  5  6  7  8  9 |
---------------+----------------------------+-----
Fighting       | 4 5 6 8 9 |  9.6
Axes           | 4 5 6 8 9 |  9.6
Armour         | 3 4 5 7 |  7.5
Dodging        | 3 4 5 6 7 |  7.0

Action                   |  1- 3 |  4- 6 |  7- 9 || total
-------------------------+-------+-------+-------++-------
Melee: Hand axe          |    54 |       |       ||    54
       Headbutt          |     7 |    12 |    63 ||    82
       War axe           |    14 |    78 |   257 ||   349
Throw: Boomerang         |       |       |     7 ||     7
Invok: Berserk           |       |       |     4 ||     4
       Trog's Hand       |       |       |     4 ||     4
Armor: Animal skin       |    16 |       |       ||    16
       Chain mail        |     5 |    36 |   138 ||   179
       Ring mail         |     3 |       |       ||     3
Dodge: Dodged            |    56 |    55 |   145 ||   256
